 Dungeon Crawl Stone Soup version 0.21.1-1-g345015f (webtiles) character file.

40 Monsterracer the Scratcher (level 3, 3/17 HPs)
             Began as a Felid Monk on Feb 10, 2018.
             Quit the game on level 2 of the Dungeon.
             The game lasted 00:03:10 (1351 turns).

Monsterracer the Scratcher (Felid Monk)             Turns: 1351, Time: 00:03:11

Health: 3/17       AC:  4    Str:  9 (12) XL:     3   Next: 30%
Magic:  3/3        EV: 19    Int: 12 (13) God:
Gold:   50         SH:  0    Dex: 18 (19) Spells: 2/2 levels left
                                        Lives:  0   Deaths: 0

rFire    . . .     SeeInvis +     - Unarmed
rCold    . . .     Gourm    .   (shield unavailable)
rNeg     . . .     Faith    .   (armour unavailable)
rPois    .         Spirit   .   (helmet unavailable)
rElec    .         Reflect  .   (cloak unavailable)
rCorr    .         Harm     .   (gloves unavailable)
MR       .....                  (boots unavailable)
Stlth    +++.......             (no amulet)
HPRegen  0.05/turn              (no ring)
MPRegen  0.08/turn              (no ring)

@: mighty, lethally poisoned (3 -> -8), quick
A: very small, no armour, no weapons or thrown items, stealth, claws 1, fangs 3,
iridescent scales 1, rugged brown scales 1, see invisible, carnivore, clever 1,
speed 1, low mp 1, shaggy fur 1, slow metabolism 1, sharp paws
a: no special abilities


You were on level 2 of the Dungeon.
You were completely stuffed.

You visited 1 branch of the dungeon, and saw 2 of its levels.

You collected 50 gold pieces.

Inventory:

Jewellery
 f - an uncursed ring of wizardry {unknown}
Scrolls
 b - a scroll of enchant armour {unknown}
 e - a scroll of identify {unknown}
 g - a scroll of enchant weapon {unknown}
Comestibles
 c - 3 rations


   Skills:
 - Level 3.0 Fighting
 - Level 4.0 Dodging
 - Level 2.6 Stealth
 + Level 4.4 Unarmed Combat


You had 2 spell levels left.
You didn't know any spells.

Dungeon Overview and Level Annotations

Branches:
Dungeon (2/15)

Altars:


Innate Abilities, Weirdness & Mutations

You cannot wear armour.
You are incapable of wielding weapons or throwing items.
Your paws allow you to move quietly. (Stealth)
You have sharp claws.
You have razor-sharp teeth.
You have supernaturally acute eyesight. (SInv)
You are carnivorous and can eat meat at any time.
You cover ground quickly.
You are covered in fur. (AC +1)
You have a slow metabolism.
Your sharp claws are effective at attacking unaware monsters.
You are partially covered in iridescent scales. (AC +2)
You are partially covered in rugged brown scales. (AC +1, +3% HP)
Your mind is acute. (Int +2)
Your magical capacity is low. (-10% MP)


Message History

You claw the kobold!
You kill the kobold!
You claw the dart slug!
You kill the dart slug!
You have reached level 3!
Your experience leads to an increase in your attributes!
Increase (S)trength, (I)ntelligence, or (D)exterity?
You feel agile.
You regained 2 hp, and now have 12/17 hp.
MP restored: 4 Key pressed, stopping explore.
HP restored.
Found a stone staircase leading down.
Health restored: 17
Found 25 arrows.
No target in view!
g - a scroll labeled QOCVIRCH HEAR A hobgoblin comes into view.
It is wielding a club.
A hobgoblin is nearby!
You see here a fizzy coppery potion.
The hobgoblin shouts!
The hobgoblin hits you but does no damage.
You scratch the hobgoblin.
The hobgoblin is moderately wounded.
The hobgoblin completely misses you.
A hobgoblin is nearby!
You closely miss the hobgoblin.
The hobgoblin is moderately wounded.
The hobgoblin misses you.
You scratch the hobgoblin.
You kill the hobgoblin!
No target in view!
No target in view!
Found a spear.
Things that are here:
a club; a hobgoblin corpse
h - a fizzy coppery potion
c - 3 rations (gained 1)
You see here a spear.
A hobgoblin comes into view.
The hobgoblin shouts!
You hear a shout!
You hear an angry hiss.
You hear a shout!
A hobgoblin is nearby!
An adder comes into view.
Found a scroll labeled YMMEDY RATOKIARO.
The adder hisses angrily.
You scratch the hobgoblin. You bite the hobgoblin.
The hobgoblin is almost dead.
You claw the hobgoblin!
You kill the hobgoblin!
A goblin comes into view. It is wielding a club.
A leopard gecko, a giant cockroach and a hobgoblin come into view.
A goblin comes into view. It is wielding a dagger.
The goblin moves out of view.
You scratch the adder.
The adder is lightly wounded.
The adder completely misses you. The adder bites you.
You take 2 damage, and have 15/17 hp.
You closely miss the adder. You bite the adder, but do no damage.
The adder is lightly wounded.
The adder barely misses you.
You miss the adder. The adder bites you.
You take 5 damage, and have 10/17 hp.
MASSIVE DAMAGE!!
You claw the adder!
The adder is severely wounded.
The adder bites you.
* * * LOW HITPOINT WARNING * * *
You are lethally poisoned!
The adder poisons you!
You take 2 damage, and have 8/17 hp.
It was a potion of might.
You feel very mighty all of a sudden.
* * * LOW HITPOINT WARNING * * *
You feel sick. The adder bites you.
* * * LOW HITPOINT WARNING * * *
You are more poisoned.
The adder poisons you!
You take 3 damage, and have 5/17 hp.
You scratch the adder.
You kill the adder!
* * * LOW HITPOINT WARNING * * *
You feel sick.
You take 1 damage, and have 4/17 hp.
It was a potion of degeneration.
There was something very wrong with that liquid.
You feel weakened.
You feel dopey.
You feel clumsy.
* * * LOW HITPOINT WARNING * * *
You feel sick.
You take 1 damage, and have 3/17 hp.
It was a potion of mutation.
You feel extremely strange.
You feel less energetic.
Iridescent scales grow over part of your body.
Rugged brown scales grow over part of your body.
You feel clever.
You now have 3/3 mp.
* * * LOW HITPOINT WARNING * * *
You feel sick.
You see here an adder corpse.
You take 1 damage, and have 3/17 hp.
Are you sure you want to abandon this character and quit the game? (Confirm with "yes".)

#.# #.######.####### #.#
#............#
#.###############....#####.
#...........#..............
#..########.#.###....#####
#..# #...#.#.# #....# #..#
#.#.#.#.# #....# ...#
#.#<#.#.# #....# ###.#
#.###.#@# #....# #.#
#.....#.# #....#
#.##########.# #....###
###.#....#####.###......####
..#.........................
#.###...........##......####
#.# #...........##.)....#
#.# ###.#.......##......#
##.#####.####............#


There were no monsters in sight!

Vanquished Creatures
  An adder (D:2)
  2 dart slugs
  5 goblins (D:1)
  5 hobgoblins
  5 bats (D:1)
  2 frilled lizards (D:1)
  3 kobolds
  4 rats (D:1)
27 creatures vanquished.

Notes
Turn   | Place    | Note
-------+----------+-------------------------------------------
     0 | D:1      | Monsterracer the Felid Monk began the quest for the Orb.
     0 | D:1      | Reached XP level 1. HP: 10/10 MP: 2/2
     2 | D:1      | Noticed a dwarf
     2 | D:1      | Noticed a spriggan
     4 | D:1      | Noticed an elf
     4 | D:1      | Noticed a draconian
     6 | D:1      | Noticed a tengu
     6 | D:1      | Noticed a troll
     8 | D:1      | Noticed a vampire
     8 | D:1      | Noticed a gargoyle
    10 | D:1      | Noticed an ogre
    12 | D:1      | Noticed a human
    12 | D:1      | Noticed a merfolk
    14 | D:1      | Noticed a ghoul
    14 | D:1      | Noticed a minotaur
    16 | D:1      | Noticed a formicid
    16 | D:1      | Noticed a naga
    18 | D:1      | Noticed a halfling
    20 | D:1      | Noticed a demigod
    20 | D:1      | Noticed an octopode
    22 | D:1      | Noticed a felid
    22 | D:1      | Noticed a demonspawn
    24 | D:1      | Noticed a centaur
    24 | D:1      | Noticed a vine stalker
    40 | D:1      | HP: 5/10 [hobgoblin/club (5)]
   269 | D:1      | HP: 4/10 [dart slug/slug dart (2)]
   274 | D:1      | HP: 3/10 [dart slug (1)]
   275 | D:1      | Reached XP level 2. HP: 5/14 MP: 3/3
  1134 | D:2      | Reached XP level 3. HP: 12/17 MP: 4/4
  1345 | D:2      | HP: 8/17 [adder (2)]
  1348 | D:2      | HP: 3/17 [poisoned by an adder]
  1349 | D:2      | Gained mutation: Your magical capacity is low. (-10% MP) [potion of mutation]
  1349 | D:2      | Gained mutation: You are partially covered in iridescent scales. (AC +2) [potion of mutation]
  1349 | D:2      | Gained mutation: You are partially covered in rugged brown scales. (AC +1, +3% HP) [potion of mutation]
  1349 | D:2      | Gained mutation: Your mind is acute. (Int +2) [potion of mutation]
  1351 | D:2      | Quit the game

Skill      XL: |  1  2 |
---------------+-------+-----
Unarmed Combat | 4 |  4.4
Fighting       | |  3.0
Dodging        | |  4.0
Stealth        | |  2.6

Action                   || total
-------------------------++-------
Melee: Unarmed           ||    69
       Bite              ||     6
  Use: Potion            ||     3
 Stab: Sleeping          ||     8
  Eat: Chunk             ||     8
Armor: Skin              ||     4
Dodge: Dodged            ||    60

Vault maps used:
D:1:      kb_arrival_jail, kennysheep_doodads
D:2:      first_ration, nicolae_underground_beach
